 Dungeon Crawl Stone Soup version 0.27-a0-1101-ge311f74bc8 (webtiles) character file.

Game seed: 13456369957397385173

647793 tilp the Ecstatic (level 27, -4/166 HPs)
             Began as a Vine Stalker Brigand on Apr 27, 2021.
             Was a Follower of Uskayaw.
             Slain by a golden dragon (17 damage)
             ... on level 5 of the Realm of Zot on Apr 28, 2021.
             The game lasted 02:28:56 (61950 turns).

tilp the Ecstatic (Vine Stalker Brigand)           Turns: 61950, Time: 02:28:57

Health: -4/166     AC: 34    Str: 19    XL:     27
Magic:  0/40       EV: 22    Int: 11    God:    Uskayaw [*.....]
Gold:   7665       SH: 21    Dex: 31    Spells: 25/26 levels left

rFire    + . .     SeeInvis .   a - +9 quick blade (freeze)
rCold    + . .     Faith    +   N - +6 kite shield "Pamicas" {Will+ Stlth+}
rNeg     . . .     Spirit   +   o - +8 chain mail {rF+}
rPois    +         Reflect  .   Y - +2 helmet
rElec    +         Harm     .   M - +2 cloak {rC+}
rCorr    .         Rampage  .   Z - +2 pair of gloves {Str+3}
Will     ++++.                  J - +2 pair of boots {Fly}
Stlth    ++++++....             R - amulet of faith
HPRegen  1.37/turn              P - +4 ring of slaying
MPRegen  0.27/turn              I - ring "Zekh" {+Blink rElec rPois Dex+4 Stlth-}

@: flying, studying Summonings
A: fangs 3, regeneration 1, magic shield, antimagic bite, no potion heal 2
}: 3/15 runes: decaying, serpentine, silver
a: Renounce Religion, Evoke Blink, Stomp


You were on level 5 of the Realm of Zot.
You worshipped Uskayaw.
Uskayaw was extremely pleased with you.
You visited 11 branches of the dungeon, and saw 53 of its levels.
You also visited: Ossuary, Ice Cave, Volcano and Wizlab.

You collected 12558 gold pieces.
You spent 4893 gold pieces at shops.

Inventory:

Hand Weapons
 a - a +9 quick blade of freezing (weapon)
 b - a +9 dagger of electrocution
 O - a +7 vorpal quick blade
Missiles
 d - 200 poisoned darts (quivered)
 i - 14 curare-tipped darts {!f}
 r - 68 boomerangs
 B - 10 silver boomerangs
 E - a throwing net
Armour
 o - a +8 chain mail of fire resistance (worn)
 w - a scarf of invisibility
 J - a +2 pair of boots of flying (worn)
 M - a +2 cloak of cold resistance (worn)
 N - the +6 kite shield "Pamicas" (worn) {Will+ Stlth+}
   (You bought it in a shop on level 2 of the Orcish Mines)

   It increases your willpower.
   It makes you more stealthy.
 Y - a +2 helmet (worn)
 Z - a +2 pair of gloves of strength (worn)
Jewellery
 l - the ring "Vaucip" {rF+ rN+ rCorr}
   (You found it on level 3 of the Lair of Beasts)

   [ring of protection from fire]

   It protects you from fire.
   It protects you from negative energy.
   It protects you from acid and corrosion.
 C - the ring of Dim Light {rElec rCorr Str+6 Int-3 SInv}
   (You took it off a deep elf archer on level 3 of the Elven Halls)

   [ring of strength]

   It affects your strength (+6).
   It affects your intelligence (-3).
   It insulates you from electricity.
   It lets you see invisible.
   It protects you from acid and corrosion.
 I - the ring "Zekh" (right hand) {+Blink rElec rPois Dex+4 Stlth-}
   (You bought it in a shop on level 7 of the Dungeon)

   [ring of poison resistance]

   It affects your dexterity (+4).
   It insulates you from electricity.
   It protects you from poison.
   It lets you blink.
   It makes you less stealthy.
 P - a +4 ring of slaying (left hand)
 R - an amulet of faith (around neck)
Wands
 c - a wand of charming (18)
 e - a wand of iceblast (80)
 h - a wand of polymorph (5)
 s - a wand of acid (29)
 y - a wand of mindburst (70)
 T - a wand of paralysis (28)
 W - a wand of digging (26)
Scrolls
 m - 2 scrolls of silence
 n - 16 scrolls of teleportation
 p - 7 scrolls of enchant armour
 q - 6 scrolls of summoning
 t - 5 scrolls of holy word
 A - 8 scrolls of fear
 D - 5 scrolls of blinking
 G - 12 scrolls of fog
 Q - 2 scrolls of magic mapping
Potions
 f - 17 potions of curing
 j - 6 potions of berserk rage
 k - 9 potions of attraction
 u - 8 potions of resistance
 v - 10 potions of haste
 z - 6 potions of cancellation
 F - 5 potions of invisibility
 K - 4 potions of mutation
 L - 4 potions of ambrosia
 S - 7 potions of might
Miscellaneous
 g - a phantom mirror
 x - a tin of tremorstones (2/2)
 H - a condenser vane
 U - a phial of floods
 V - a box of beasts
 X - a lightning rod (4/4)


   Skills:
 - Level 24.0 Fighting
 - Level 10.0 Short Blades
 + Level 9.3 Throwing
 - Level 12.0 Armour
 + Level 17.0 Dodging
 - Level 21.0 Stealth
 + Level 13.7 Shields
 - Level 24.0 Invocations
 + Level 14.1 Evocations


You had 25 spell levels left.
You knew the following spells:

 Your Spells              Type           Power      Damage    Failure   Level
a - Apportation           Tloc           0%         N/A       96%         1

Your spell library contained the following spells:

 Spells                   Type           Power      Damage    Failure   Level
 Animate Skeleton         Necr           0%         N/A       96%         1
 Beastly Appendage        Tmut           0%         N/A       96%         1
 Corona                   Hex            0%         N/A       96%         1
 Foxfire                  Conj/Fire      0%         2x1d4     96%         1
 Freeze                   Ice            0%         1d3       96%         1
 Magic Dart               Conj           0%         1d3       96%         1
 Pain                     Necr           0%         1d4       96%         1
 Sandblast                Erth           0%         2d4       96%         1
 Shock                    Conj/Air       0%         1d3       96%         1
 Sting                    Tmut/Pois      0%         1d3       96%         1
 Summon Small Mammal      Summ           0%         N/A       96%         1
 Blink                    Tloc           N/A        N/A       99%         2
 Call Imp                 Summ           0%         N/A       99%         2
 Ensorcelled Hibernation  Hex/Ice        0%         N/A       99%         2
 Passwall                 Tmut/Erth      0%         N/A       99%         2
 Poisonous Vapours        Pois/Air       0%         N/A       99%         2
 Searing Ray              Conj           0%         3d3       99%         2
 Slow                     Hex            0%         N/A       99%         2
 Static Discharge         Conj/Air       0%         N/A       99%         2
 Sublimation of Blood     Necr           0%         N/A       99%         2
 Wereblood                Tmut           0%         N/A       99%         2
 Call Canine Familiar     Summ           0%         N/A       100%        3
 Confusing Touch          Hex            0%         N/A       100%        3
 Conjure Flame            Conj/Fire      0%         6-21      100%        3
 Dazzling Flash           Conj/Hex       0%         N/A       100%        3
 Frozen Ramparts          Ice            0%         1d2       100%        3
 Gell's Gravitas          Tloc           0%         N/A       100%        3
 Ignite Poison            Fire/Tmut/Pois 0%         N/A       100%        3
 Inner Flame              Hex/Fire       0%         N/A       100%        3
 Lesser Beckoning         Tloc           0%         N/A       100%        3
 Mephitic Cloud           Conj/Pois/Air  0%         N/A       100%        3
 Ozocubu's Armour         Ice            0%         N/A       100%        3
 Spider Form              Tmut/Pois      0%         N/A       100%        3
 Stone Arrow              Conj/Erth      0%         3d7       100%        3
 Summon Guardian Golem    Hex/Summ       0%         N/A       100%        3
 Swiftness                Air            0%         N/A       100%        3
 Teleport Other           Tloc           0%         N/A       100%        3
 Tukima's Dance           Hex            0%         N/A       100%        3
 Vampiric Draining        Necr           0%         2d6       100%        3
 Airstrike                Air            0%         N/A       100%        4
 Animate Armour           Summ/Erth      0%         N/A       100%        4
 Animate Dead             Necr           0%         N/A       100%        4
 Dispel Undead            Necr           0%         3d6       100%        4
 Fulminant Prism          Conj/Hex       0%         3d6       100%        4
 Hailstorm                Conj/Ice       0%         3d3       100%        4
 Ice Form                 Ice/Tmut       0%         N/A       100%        4
 Iskenderun's Mystic Bla  Conj/Tloc      0%         2d3       100%        4
 Olgreb's Toxic Radiance  Pois           0%         N/A       100%        4
 Petrify                  Tmut/Erth      0%         N/A       100%        4
 Sticky Flame             Conj/Fire      0%         2d3       100%        4
 Summon Ice Beast         Ice/Summ       0%         N/A       100%        4
 Summon Lightning Spire   Summ/Air       0%         N/A       100%        4
 Alistair's Intoxication  Tmut/Pois      0%         N/A       100%        5
 Bolt of Magma            Conj/Fire/Erth 0%         4d4       100%        5
 Borgnjor's Vile Clutch   Necr/Erth      0%         N/A       100%        5
 Fireball                 Conj/Fire      0%         3d3       100%        5
 Hydra Form               Tmut           0%         N/A       100%        5
 Irradiate                Conj/Tmut      0%         3d14      100%        5
 Iskenderun's Battlesphe  Conj           0%         2d6       100%        5
 Lee's Rapid Deconstruct  Erth           0%         3d5*      100%        5
 Lightning Bolt           Conj/Air       0%         1d11      100%        5
 Manifold Assault         Tloc           0%         N/A       100%        5
 Metabolic Englaciation   Hex/Ice        0%         N/A       100%        5
 Silence                  Hex/Air        0%         N/A       100%        5
 Summon Forest            Summ/Tloc      0%         N/A       100%        5
 Summon Mana Viper        Hex/Summ       0%         N/A       100%        5
 Yara's Violent Unravell  Hex/Tmut       0%         3d3       100%        5
 Blade Hands              Tmut           0%         N/A       100%        6
 Conjure Ball Lightning   Conj/Air       0%         3x3d6     100%        6
 Death Channel            Necr           0%         N/A       100%        6
 Eringya's Noxious Bog    Tmut/Pois      0%         N/A       100%        6
 Freezing Cloud           Conj/Ice/Air   0%         6-21      100%        6
 Invisibility             Hex            0%         N/A       100%        6
 Iron Shot                Conj/Erth      0%         9d1       100%        6
 Shadow Creatures         Summ           N/A        N/A       100%        6
 Simulacrum               Ice/Necr       0%         N/A       100%        6
 Starburst                Conj/Fire      0%         8x6d3     100%        6
 Statue Form              Tmut/Erth      0%         N/A       100%        6
 Dragon Form              Tmut           0%         N/A       100%        7
 Haunt                    Necr/Summ      0%         N/A       100%        7
 Malign Gateway           Summ/Tloc      0%         N/A       100%        7
 Monstrous Menagerie      Summ           0%         N/A       100%        7
 Orb of Destruction       Conj           0%         N/A       100%        7
 Ozocubu's Refrigeration  Ice            0%         4d5       100%        7
 Spellforged Servitor     Conj/Summ      0%         N/A       100%        7
 Summon Hydra             Summ           0%         N/A       100%        7
 Chain Lightning          Conj/Air       0%         N/A       100%        8
 Ignition                 Fire           0%         3d3       100%        8
 Lehudib's Crystal Spear  Conj/Erth      0%         10d2      100%        8
 Summon Horrible Things   Summ           0%         N/A       100%        8
 Absolute Zero            Ice            0%         ∞         100%        9
 Fire Storm               Conj/Fire      0%         5d1       100%        9
 Shatter                  Erth           0%         3d5*      100%        9
 Tornado                  Air            0%         N/A       100%        9


Dungeon Overview and Level Annotations

Branches:
Dungeon (15/15)            Temple (1/1) D:7            Lair (6/6) D:11
  Swamp (4/4) Lair:4        Snake (4/4) Lair:3        Slime (0/5) Lair:5
    Orc (2/2) D:12            Elf (3/3) Orc:2        Vaults (5/5) D:14
  Crypt (3/3) Vaults:2       Tomb (0/3) Crypt:3      Depths (5/5) D:15
    Zot (5/5) Depths:5    Ossuary (visited)           IceCv (visited)
Volcano (visited)          WizLab (visited)

Altars:
Ashenzari
Cheibriados
Dithmenos
Elyvilon
Fedhas
Gozag
Hepliaklqana
Kikubaaqudgha
Makhleb
Nemelex Xobeh
Okawaru
Qazlal
Ru
Sif Muna
Trog
Uskayaw
Vehumet
Wu Jian
Xom
Yredelemnul
Zin
The Shining One
Beogh
Jiyva

Shops:
D:1 :   D:2 (   D:7 =   D:12 [(   Orc:2 !?*[   Elf:2 (   Snake:2 !(**
Vaults:1 *   Vaults:2 ?   Vaults:3 (   Vaults:5 [   Depths:2 ![   Depths:3 (**

Portals:
Hell: Lair:6 Depths:1 Depths:2 Depths:3 Depths:4 Depths:5
Abyss: Elf:3 Depths:3 Depths:4
Pandemonium: Depths:3
Ziggurat: Depths:4

Annotations:
D:10 1 runed translucent door, emiel's ghost, journeyman NaWn
Swamp:3 Roxanne
Swamp:4 2 runed translucent doors, semitonal's ghost, adept DrAE
Snake:3 2 transporters, Wunnot's ghost, adept HOFi
Elf:2 3 runed translucent doors
Elf:3 2 transporters, emiel's ghost, adept PaFi
Vaults:1 1 transporter
Depths:2 3 runed translucent doors
Zot:5 1 runed translucent door, 1 exclusion, WasteTime5's ghost, legendary DjFE


Innate Abilities, Weirdness & Mutations

You have razor-sharp teeth.
Your natural rate of healing is unusually fast.
When hurt, damage is shared between your health and your magic reserves.
Your bite disrupts and absorbs the magic of your enemies.
Potions cannot restore your health.


Message History

The golden dragon tramples you!
You are shoved backwards!
You bump into the rock wall.
The storm dragon rages.
The golden dragon bites you but does no damage.
The golden dragon claws you!!
The golden dragon tramples you but does no damage.
The moth of wrath goads the golden dragon on!
The golden dragon goes berserk!
The wandering mushroom misses you.
The wandering mushroom releases spores at you but does no damage.
The deathcap draws from the surrounding life force!
* * * LOW HITPOINT WARNING * * *
The golden dragon closely misses you.
The golden dragon completely misses you.
The golden dragon tramples you but does no damage.
The wandering mushroom misses you.
The wandering mushroom releases spores at you.
* * * LOW HITPOINT WARNING * * *
You are engulfed in a cloud of spores!
You are more confused.
The wandering mushroom misses you.
The deathcap draws from the surrounding life force!
* * * LOW HITPOINT WARNING * * *
The golden dragon bites you!
* * * LOW HITPOINT WARNING * * *
The golden dragon completely misses you.
The golden dragon tramples you but does no damage.
You hear a chilling moan.
Your system rejects the healing.
You feel better. The golden dragon bites you!!
* * * LOW HITPOINT WARNING * * *
You block the golden dragon's attack. The golden dragon misses you.
The storm dragon misses you. You block the storm dragon's attack. x2
The wandering mushroom misses you.
Unknown command.
You can no longer pass through a line of other dancers.
The golden dragon rages.
There is an open door here.
The golden dragon bites you!
* * * LOW HITPOINT WARNING * * *
The golden dragon claws you!!
You die...

####### #.....# #^###.#####
*#######** #.* #.....###
*.f.....,,
#.######....#######ff.....,,
#...........DDD⌠yz°f......,,
###########...@###..ff...?...,,
#..........#+#<.###f##.f.....,,
#.#####......##.###.#*.......,,
#.#####..........##.#*.....#.**
#.#..............##.#*.......**
#.#..........[...##+#*.....##,,
#.#..................,.....#*,⌠
#.#.##...............,,,,,,,,**
#.#.#....#.#.........,,,,,,*,**


You could see 2 golden dragons, a storm dragon (berserk), a curse toe and a moth
of wrath.

Vanquished Creatures
  2 orbs of fire
  5 ancient liches
  Mara (Depths:4)
  A juggernaut (Depths:5)
  Sojobo (Depths:5)
  A Killer Klown (Zot:4)
  Saint Roka (Elf:3)
  2 curse toes (Zot:4)
  Xtahua (Vaults:4)
  6 caustic shrikes (Depths:4)
  A profane servitor (Crypt:3)
  7 golden dragons
  Jory (Crypt:3)
  Nikola (Snake:4)
  the Enchantress (Depths:2)
  4 bone dragons
  7 tentacled monstrosities
  A Cloud Mage (WizLab)
  Jorgrun (D:12)
  6 quicksilver dragons
  5 liches
  Asterion (Depths:2)
  6 titans (Vaults:5)
  3 deep elf blademasters (Elf:3)
  2 deep elf master archers (Elf:3)
  6 death cobs
  6 ancient champions
  5 sphinxes
  2 thorn hunters
  Donald (Elf:1)
  4 storm dragons
  Kirke (D:12)
  A revenant (Crypt:3)
  6 shadow dragons
  10 tengu reavers
  8 draconian monks
  12 fire giants
  A fenstrider witch (Swamp:2)
  9 draconian knights
  7 nagarajas
  4 iron dragons
  Aizul (Snake:2)
  2 ghost moths
  11 vault wardens
  7 deep elf sorcerers (Elf:3)
  4 orc warlords
  5 draconian scorchers
  A draconian shifter (Depths:5)
  5 frost giants
  10 ghouls
  4 deep elf elementalists (Elf:3)
  3 curse skulls
  30 ironbound preservers
  Louise (Swamp:1)
  8 spriggan defenders
  A reaper (IceCv)
  A draconian stormcaller (Zot:4)
  4 draconian annihilators
  A stone giant (shapeshifter) (Vaults:5)
  14 stone giants
  29 very ugly things
  5 war gargoyles
  6 vampire knights
  8 yellow draconians
  8 green draconians
  5 black draconians
  6 red draconians
  5 bunyips
  5 dire elephants
  9 deep elf annihilators
  4 purple draconians
  11 deep elf demonologists
  3 white draconians
  14 spark wasps
  14 deep elf death magi
  3 blizzard demons (WizLab)
  4 eleionomae
  A merfolk javelineer (Depths:4)
  4 eidola
  5 fire dragons
  12 ettins
  The ghost of Yshrian the Bewitcher, a journeyman FeEn of Jiyva (Swamp:1)
  3 shambling mangroves
  6 deep elf high priests
  19 jiangshi (Crypt:3)
  15 yaktaur captains
  7 great orbs of eyes
  2 crystal guardians (Vaults:1)
  Harold (D:7)
  32 vault guards
  11 ice dragons
  11 ironbound thunderhulks
  3 rakshasas
  6 boulder beetles
  9 salamander tyrants
  A quicksilver dragon skeleton (Crypt:3)
  A peacekeeper (Vaults:1)
  10 spriggan air magi
  5 ghost crabs
  5 ogre magi
  17 naga warriors
  27 hydras
  6 death knights
  15 anacondas
  A catoblepas (Lair:4)
  6 centaur warriors
  6 ironbound frosthearts
  A hell hog (Depths:4)
  10 two-headed ogres
  7 tengu warriors
  14 dancing weapons
  3 deep troll earth magi
  16 death yaks (Lair:6)
  3 deep troll shamans
  4 vampire magi
  A shock serpent (shapeshifter) (D:14)
  12 alligators
  7 spriggan berserkers
  A spectral dire elephant (Crypt:3)
  Urug (Orc:2)
  7 ironbound beastmasters
  11 spriggans
  A hell knight (Depths:4)
  14 naga sharpshooters
  2 fire crabs (Lair:3)
  20 deep elf knights
  9 shock serpents
  2 soul eaters (Depths:4)
  7 salamander mystics
  34 skeletal warriors
  2 shadow wraiths
  A sixfirhy (Lair:6)
  4 death drakes (WizLab)
  2 goliath frogs
  6 iron trolls
  5 glowing orange brains
  7 bog bodies
  8 flayed ghosts
  A golden dragon zombie (D:15)
  74 deep trolls
  5 spriggan druids
  12 ironbound convokers
  11 lindwurms
  8 swamp dragons
  11 deep elf archers
  A sea snake (Snake:3)
  An orange crystal statue (Crypt:2)
  9 naga ritualists
  12 wizards
  11 phantasmal warriors
  4 necromancers
  An anaconda skeleton (Crypt:1)
  12 orc knights
  A sphinx zombie (Crypt:2)
  29 deep elf zephyrmancers
  8 orc sorcerers (Orc:2)
  3 harpies (Vaults:1)
  A spectral fire dragon (Crypt:3)
  32 deep elf pyromancers
  16 mana vipers
  A mana viper (shapeshifter) (Vaults:5)
  An iron dragon zombie (D:15)
  2 cyclopes
  3 manticores
  30 salamanders
  3 large abominations (Crypt:3)
  10 moths of wrath
  An elephant (shapeshifter) (Vaults:5)
  A will-o-the-wisp (Swamp:2)
  A spectral shock serpent (Crypt:3)
  3 apocalypse crabs (WizLab)
  52 ugly things
  An eye of devastation (Lair:6)
  10 guardian serpents
  39 black mambas
  23 naga magi
  16 vault sentinels
  A smoke demon (Lair:6)
  8 elephants
  2 ice statues (IceCv)
  Joseph (D:7)
  3 orange demons (Lair:6)
  Maggie (D:10)
  A torpor snail (Lair:2)
  An iron troll zombie (Crypt:2)
  7 unseen horrors (Depths:3)
  21 cane toads
  A molten gargoyle (Lair:4)
  12 komodo dragons
  4 efreet
  2 gargoyles
  10 freezing wraiths
  7 ice devils
  31 yaktaurs
  2 kobold demonologists (D:11)
  6 rime drakes
  3 wind drakes (WizLab)
  A grey draconian skeleton (Crypt:1)
  A harpy zombie (Crypt:1)
  14 hornets
  A red devil (Lair:6)
  A wind drake (shapeshifter) (Depths:2)
  A troll (shapeshifter) (D:14)
  A meliai (D:15)
  5 trolls
  10 polar bears
  3 tyrant leeches
  A hydra skeleton (Crypt:1)
  An iron troll skeleton (Crypt:1)
  28 slime creatures
  17 blink frogs
  An ettin zombie (D:15)
  An ice dragon zombie (D:15)
  A boulder beetle zombie (Crypt:2)
  11 air elementals
  A spriggan (shapeshifter) (D:13)
  50 flying skulls (Crypt:3)
  A redback (shapeshifter) (Depths:3)
  5 shadows
  9 water elementals
  10 wraiths
  A centaur simulacrum (D:13)
  3 vampires
  6 fire elementals
  3 fire bats (Lair:3)
  A golden eye (shapeshifter) (Elf:2)
  2 hogs (D:12)
  3 wyverns (Lair:4)
  73 yaks
  2 steam dragons
  4 basilisks
  A tyrant leech zombie (Crypt:2)
  8 vampire mosquitoes
  Edmund (D:6)
  20 swamp worms
  A swamp worm (shapeshifter) (Vaults:5)
  6 wargs
  68 nagas
  2 acid dragons
  18 water moccasins
  5 swamp drakes (Swamp:4)
  5 hell hounds
  A monstrous demonspawn skeleton (Crypt:2)
  25 orc warriors
  2 sky beasts
  4 black bears
  5 necrophages
  An ice beast (D:7)
  3 ogres
  A boggart (D:11)
  A centaur (shapeshifter) (Vaults:5)
  15 wolves
  A torpor snail zombie (Crypt:1)
  A swamp dragon skeleton (Crypt:1)
  A lindwurm skeleton (Crypt:1)
  6 centaurs
  3 kobold brigands
  An elf zombie (Ossuary)
  9 bullfrogs
  An earth elemental (Elf:2)
  A water moccasin zombie (D:5)
  A wyvern zombie (D:7)
  2 scorpions
  A warg zombie (Crypt:1)
  22 killer bees
  7 howler monkeys
  4 electric eels
  3 lava snakes (Lair:4)
  6 centaur zombies
  A small abomination (Crypt:3)
  2 bullfrog zombies
  6 hounds
  A jelly (D:11)
  18 orc priests
  A human zombie (Ossuary)
  A bullfrog skeleton (D:5)
  A human skeleton (Crypt:1)
  A centaur skeleton (D:6)
  4 iguanas
  Natasha (thrice) (D:2)
  47 orc wizards
  A tengu skeleton (Crypt:2)
  A dwarf skeleton (Crypt:1)
  3 mummies
  A howler monkey zombie (D:5)
  3 adders
  8 gnolls
  A shadow imp (D:6)
  10 white imps
  6 ufetubi (IceCv)
  An adder skeleton (Crypt:2)
  3 adder zombies (Ossuary)
  A worm (D:3)
  A dart slug (D:2)
  131 orcs
  9 endoplasms
  6 giant cockroaches
  A gnoll zombie (Crypt:1)
  10 goblins
  4 hobgoblins
  6 jackals (D:3)
  A quokka (D:3)
  5 ball pythons
  A bat (D:2)
  3 frilled lizards
  11 hobgoblin zombies (Ossuary)
  20 kobolds
  10 kobold zombies (Ossuary)
  An orc skeleton (Crypt:1)
  6 orc zombies (Ossuary)
  4 rats
  A fire vortex (Volcano)
2349 creatures vanquished.

Vanquished Creatures (others)
  A frost giant (Depths:5)
  A blizzard demon (WizLab)
  A spriggan air mage (WizLab)
  A deep elf knight (Elf:3)
  A moth of wrath (Zot:5)
  3 bloated husks
  A wind drake (WizLab)
  2 air elementals
  A human (D:12)
  A swamp drake (Swamp:4)
  A white imp (IceCv)
  5 ufetubi (IceCv)
  An orc (Orc:2)
  2 bushes
  2 fire vortices (Volcano)
  2 foxfires (Swamp:2)
  29 fungi
  130 plants
  7 withered plants (D:15)
192 creatures vanquished.

Grand Total: 2541 creatures vanquished

Notes
Turn   | Place    | Note
-------+----------+-------------------------------------------
     0 | D:1      | tilp the Vine Stalker Brigand began the quest for the Orb.
     0 | D:1      | Reached XP level 1. HP: 11/11 MP: 2/2
    40 | D:1      | Found Faush's Book Emporium.
   393 | D:1      | Reached XP level 2. HP: 5/15 MP: 3/3
  1128 | D:2      | Noticed Natasha
  1144 | D:2      | Killed Natasha
  1145 | D:2      | Reached XP level 3. HP: 14/19 MP: 2/4
  1202 | D:2      | Noticed Natasha
  1208 | D:2      | Killed Natasha
  1209 | D:2      | Gained mutation: Your natural rate of healing is unusually
                  | fast. [Vine Stalker growth]
  1209 | D:2      | Reached XP level 4. HP: 23/24 MP: 5/5
  1285 | D:2      | Noticed Natasha
  1294 | D:2      | Killed Natasha
  1425 | D:2      | Reached XP level 5. HP: 25/28 MP: 4/6
  1663 | D:2      | Found Xullioch's Weapon Shop.
  1939 | D:3      | Found a faded altar of an unknown god.
  3181 | D:4      | Reached XP level 6. HP: 33/33 MP: 7/7
  3199 | D:4      | Found a sand-covered staircase.
  3208 | Ossuary  | Entered an ossuary
  3288 | Ossuary  | Reached skill level 1 in Dodging
  3320 | Ossuary  | Reached skill level 5 in Stealth
  3565 | Ossuary  | Reached XP level 7. HP: 37/37 MP: 6/8
  3580 | Ossuary  | Reached skill level 5 in Short Blades
  4204 | D:4      | Found a bloodstained altar of Trog.
  4211 | D:4      | Found a sparkling altar of Nemelex Xobeh.
  4553 | D:5      | Entered Level 5 of the Dungeon
  5057 | D:5      | You fall into a shaft and drop 1 floor!
  5091 | D:5      | Found a glowing golden altar of the Shining One.
  5152 | D:5      | Gained mutation: You have razor-sharp teeth. [Vine Stalker
                  | growth]
  5152 | D:5      | Reached XP level 8. HP: 42/42 MP: 9/9
  5678 | D:6      | Noticed Edmund
  6197 | D:6      | Killed Edmund
  6490 | D:7      | Noticed Harold
  6510 | D:7      | Killed Harold
  6511 | D:7      | Reached XP level 9. HP: 19/48 MP: 10/10
  6732 | D:7      | Noticed Joseph
  6934 | D:7      | Found a staircase to the Ecumenical Temple.
  6940 | Temple   | Entered the Ecumenical Temple
  7204 | Temple   | Became a worshipper of Uskayaw the Reveller
  7268 | D:7      | Reached * piety under Uskayaw
  7270 | D:7      | Reached ** piety under Uskayaw
  7447 | D:7      | Reached *** piety under Uskayaw
  7453 | D:7      | Killed Joseph
  7454 | D:7      | Reached skill level 10 in Short Blades
  7685 | D:7      | Found Roikhle's Jewellery Emporium.
  7747 | D:7      | Identified a scroll of acquirement
  7747 | D:7      | Acquired a +4 quick blade
  7817 | D:8      | Found an opulent altar of Gozag.
  7820 | D:8      | Found an opulent altar of Gozag.
  7858 | D:8      | Found an opulent altar of Gozag.
  7870 | D:8      | Found an opulent altar of Gozag.
  7917 | D:8      | Reached XP level 10. HP: 50/53 MP: 10/13
  7929 | D:8      | Reached **** piety under Uskayaw
  8060 | D:8      | Noticed a two-headed ogre
  8066 | D:8      | Killed a two-headed ogre
  8067 | D:8      | Reached skill level 5 in Invocations
  8506 | D:8      | Found a runed translucent door.
  8585 | D:8      | Reached ***** piety under Uskayaw
  9031 | D:9      | Noticed a two-headed ogre
  9040 | D:9      | Killed a two-headed ogre
  9784 | D:9      | Reached XP level 11. HP: 58/58 MP: 17/17
 10315 | D:7      | Bought the ring "Zekh" {+Blink rElec rPois Dex+4 Stlth-}
                  | for 576 gold pieces
 10680 | D:10     | Entered Level 10 of the Dungeon
 11049 | D:10     | Found a runed translucent door.
 11049 | D:10     | Found a shimmering altar of Xom.
 11049 | D:10     | Noticed emiel's ghost (journeyman NaWn)
 11050 | D:10     | Noticed a +2 hand axe of chaos
 11197 | D:10     | Noticed Maggie
 11229 | D:10     | Killed Maggie
 11504 | D:11     | Noticed Maurice
 11506 | D:11     | Noticed Maurice
 11506 | D:11     | Maurice changed into Maurice the boggart
 11511 | D:11     | Noticed a cyclops
 11514 | D:11     | Killed Maurice the boggart
 11522 | D:11     | Killed a cyclops
 11620 | D:11     | Noticed an eight-headed hydra
 11635 | D:11     | Killed an eight-headed hydra
 11951 | D:11     | Reached skill level 10 in Stealth
 11982 | D:11     | Reached ****** piety under Uskayaw
 12008 | D:11     | Found a staircase to the Lair.
 12092 | D:11     | Noticed a two-headed ogre
 12102 | D:11     | Killed a two-headed ogre
 12136 | D:11     | Reached skill level 10 in Invocations
 12565 | D:12     | Noticed a centaur warrior
 12578 | D:12     | Killed a centaur warrior
 12579 | D:12     | Reached XP level 12. HP: 43/67 MP: 16/20
 12773 | D:12     | Found Hulus's Armour Shoppe.
 12773 | D:12     | Found a staircase to the Orcish Mines.
 12795 | D:12     | Noticed Jorgrun
 13034 | D:12     | Found the +9 heavy crossbow "Sniper" {vorpal, Acc+∞ SInv}
 13109 | D:12     | Noticed Kirke
 13194 | D:12     | Killed Kirke
 13195 | D:12     | Reached skill level 10 in Fighting
 13195 | D:12     | Reached skill level 1 in Armour
 13195 | D:12     | Reached skill level 1 in Shields
 13195 | D:12     | Reached skill level 1 in Evocations
 13502 | D:12     | Acquired 1103 gold pieces
 13731 | D:12     | Found Iwoav's Weapon Emporium.
 13865 | D:12     | Killed Jorgrun
 14115 | D:7      | Bought an amulet of faith for 480 gold pieces
 14248 | Orc:1    | Entered Level 1 of the Orcish Mines
 14797 | Lair:1   | Entered Level 1 of the Lair of Beasts
 14841 | Lair:1   | HP: 2/67 [black mamba (4)]
 15025 | Lair:1   | Noticed a four-headed hydra
 15035 | Lair:1   | Killed a four-headed hydra
 15038 | Lair:1   | Reached XP level 13. HP: 43/72 MP: 19/21
 15109 | Lair:1   | Reached skill level 5 in Dodging
 16392 | Lair:3   | Found a transporter.
 16472 | Lair:3   | Found a staircase to the Snake Pit.
 17097 | Lair:3   | Reached XP level 14. HP: 79/79 MP: 23/23
 17246 | Lair:3   | Found a transporter.
 17561 | Lair:4   | Found a dark tunnel.
 17572 | Volcano  | Entered a volcano
 17864 | Lair:4   | Found a frozen archway.
 17927 | IceCv    | Entered an ice cave
 18177 | IceCv    | Noticed a reaper
 18267 | IceCv    | Killed a reaper
 19007 | Lair:4   | Reached skill level 5 in Shields
 19307 | Lair:4   | Found a staircase to the Swamp.
 19533 | Lair:4   | Reached skill level 5 in Armour
 19970 | Lair:5   | Identified the +6 hand crossbow "Ruetala" {flame, Int+4
                  | Dex+3}
 20042 | Lair:5   | Found a viscous altar of Jiyva.
 20042 | Lair:5   | Found a staircase to the Slime Pits.
 20355 | Lair:6   | Entered Level 6 of the Lair of Beasts
 20528 | Lair:6   | Reached XP level 15. HP: 77/84 MP: 22/25
 20716 | Lair:6   | Reached skill level 5 in Evocations
 22213 | Lair:6   | Found a burning altar of Makhleb.
 22219 | Lair:6   | Found a gateway to Hell.
 22587 | Lair:3   | Identified the ring "Vaucip" {rF+ rN+ rCorr}
 22763 | Orc:2    | Entered Level 2 of the Orcish Mines
 22804 | Orc:2    | Found a staircase to the Elven Halls.
 23503 | Orc:2    | Noticed Urug
 23520 | Orc:2    | Killed Urug
 23751 | Orc:2    | Found Rebon's Antique Armour Shop.
 23751 | Orc:2    | Found Ylig's General Store.
 23974 | Orc:2    | Found Kaylech's Distillery.
 23974 | Orc:2    | Found Plog's Magic Scroll Shop.
 24107 | Orc:2    | Bought a pair of glowing gloves for 240 gold pieces
 24107 | Orc:2    | Bought a faintly glowing kite shield for 304 gold pieces
 24107 | Orc:2    | Identified the +6 kite shield "Pamicas" {Will+ Stlth+} (You
                  | bought it in a shop on level 2 of the Orcish Mines)
 24107 | Orc:2    | Bought a pair of glowing gloves for 240 gold pieces
 24160 | Orc:2    | Bought a scroll of enchant weapon for 82 gold pieces
 24429 | D:13     | Noticed a ghoul
 24444 | D:13     | Killed a ghoul
 24447 | D:13     | Reached XP level 16. HP: 64/90 MP: 26/26
 24869 | D:13     | Identified the +3 quarterstaff of a treasure trove {holy,
                  | rElec rPois}
 25238 | D:13     | Identified the +0 pair of gloves "Efij" {Harm rC+ Str+3
                  | Dex+2}
 25948 | D:14     | Found a gate to the Vaults.
 26437 | D:15     | Entered Level 15 of the Dungeon
 26595 | D:15     | Found a staircase to the Depths.
 26810 | D:15     | Reached XP level 17. HP: 94/98 MP: 28/28
 27060 | D:15     | Found a snail-covered altar of Cheibriados.
 27577 | D:15     | Reached skill level 15 in Fighting
 27577 | D:15     | Reached skill level 15 in Stealth
 27887 | Swamp:1  | Entered Level 1 of the Swamp
 28045 | Swamp:1  | Noticed Louise
 28052 | Swamp:1  | Killed Louise
 28200 | Swamp:1  | Found a runed translucent gate.
 28200 | Swamp:1  | Found a runed translucent gate.
 28200 | Swamp:1  | Found a runed translucent gate.
 28200 | Swamp:1  | Noticed Yshrian's ghost (journeyman FeEn)
 28225 | Swamp:1  | Killed Yshrian's ghost
 28569 | Swamp:2  | Reached skill level 15 in Invocations
 29269 | Swamp:2  | Upgraded the game from 0.27-a0-1090-gb115f176c6 to
                  | 0.27-a0-1101-ge311f74bc8
 29361 | Swamp:3  | Identified Roxanne's Catalogue of Transmigration
 29361 | Swamp:3  | Noticed Roxanne
 29753 | Swamp:3  | Reached XP level 18. HP: 104/104 MP: 28/30
 30309 | Swamp:4  | Entered Level 4 of the Swamp
 30362 | Swamp:4  | Found a large runed translucent door.
 30363 | Swamp:4  | Found a large runed translucent door.
 30372 | Swamp:4  | Noticed semitonal's ghost (adept DrAE)
 30574 | Swamp:4  | Acquired a manual of Evocations
 31141 | Swamp:4  | Got a decaying rune of Zot
 31451 | Snake:1  | Entered Level 1 of the Snake Pit
 31830 | Snake:1  | Reached skill level 10 in Dodging
 32540 | Snake:2  | Found Iffoergh's Distillery.
 32604 | Snake:2  | Reached skill level 10 in Shields
 32698 | Snake:2  | Found Runioho's Magic Scroll Shop.
 32718 | Snake:2  | Reached skill level 10 in Evocations
 32729 | Snake:2  | Found Coafiodezy's Antique Weapon Shoppe.
 32831 | Snake:2  | Reached XP level 19. HP: 85/108 MP: 31/31
 33069 | Snake:2  | Found Kytzaall's General Store.
 33174 | Snake:2  | Found Umpiegac's Assorted Antiques.
 33200 | Snake:2  | Noticed Aizul
 33205 | Snake:2  | Killed Aizul
 34024 | Snake:3  | Found a transporter.
 34029 | Snake:3  | Found a bloodstained altar of Trog.
 34031 | Snake:3  | Found a transporter.
 34031 | Snake:3  | Noticed Wunnot's ghost (adept HOFi)
 34678 | Snake:4  | Entered Level 4 of the Snake Pit
 34806 | Snake:4  | Noticed Nikola
 34810 | Snake:4  | Killed Nikola
 35406 | Snake:4  | Reached XP level 20. HP: 42/114 MP: 28/32
 36297 | Snake:4  | Got a serpentine rune of Zot
 36761 | D:1      | Bought a manual of Stealth for 1545 gold pieces
 37035 | Vaults:1 | Entered Level 1 of the Vaults
 37035 | Vaults:1 | Found Dasa Coi's Assorted Antiques.
 37968 | Vaults:1 | Reached XP level 21. HP: 116/121 MP: 34/34
 37995 | Vaults:1 | Found a transporter.
 38385 | Vaults:2 | Noticed a bone dragon
 38406 | Vaults:2 | Killed a bone dragon
 38414 | Vaults:2 | Found a staircase to the Crypt.
 39447 | Vaults:2 | Found Huackorgh's Magic Scroll Shop.
 39456 | Vaults:2 | Bought a scroll of enchant weapon for 142 gold pieces
 39456 | Vaults:2 | Bought a scroll of blinking for 142 gold pieces
 39636 | Vaults:3 | You are sucked into a shaft and drop 1 floor!
 40325 | Vaults:3 | Found Syfipp's Antique Weapon Boutique.
 40573 | Vaults:3 | Reached XP level 22. HP: 119/128 MP: 36/36
 40683 | Vaults:3 | You are sucked into a shaft and drop 1 floor!
 41954 | Vaults:4 | Noticed Xtahua
 41959 | Vaults:4 | Killed Xtahua
 42504 | Swamp:2  | Identified the +0 pair of boots of Yruni {MP+9 Str+2 Int+4}
 42771 | Elf:1    | Entered Level 1 of the Elven Halls
 43206 | Elf:1    | Noticed Donald
 43215 | Elf:1    | Killed Donald
 43706 | Elf:2    | Found a runed translucent gate.
 43706 | Elf:2    | Found a runed translucent gate.
 43707 | Elf:2    | Found a runed translucent gate.
 43916 | Elf:2    | Found Macam's Antique Weapon Boutique.
 44095 | Elf:3    | Entered Level 3 of the Elven Halls
 44103 | Elf:3    | Reached XP level 23. HP: 134/134 MP: 37/37
 44138 | Elf:3    | Found a one-way gate to the infinite horrors of the Abyss.
 44138 | Elf:3    | Noticed emiel's ghost (adept PaFi)
 44157 | Elf:3    | Found a transporter.
 44165 | Elf:3    | Found a transporter.
 44245 | Elf:3    | Noticed Saint Roka
 44272 | Elf:3    | Killed Saint Roka
 44744 | Elf:3    | Identified the +2 great sword of Qutuetaf {vorpal, Int+4}
 44788 | Elf:3    | Learned a level 1 spell: Apportation
 45068 | Elf:3    | Identified the ring "Keiseaf" {rF+ Str+6}
 45148 | Elf:3    | Identified the +11 trident "Goacof" {vorpal, *Rage +Rage
                  | Str+5}
 45174 | Elf:3    | Reached skill level 10 in Armour
 45450 | Elf:3    | Identified the +2 spear of Vuxyim {venom, Str+4}
 45451 | Elf:3    | Identified the ring of Dim Light {rElec rCorr Str+6 Int-3
                  | SInv}
 45853 | Depths:1 | Entered Level 1 of the Depths
 46027 | Depths:1 | Identified the +5 chain mail of Mabu {rC+}
 46276 | Depths:1 | Acquired a +7 quick blade
 46404 | Depths:1 | Reached XP level 24. HP: 140/140 MP: 38/38
 47206 | Depths:2 | Noticed Asterion
 47218 | Depths:2 | Killed Asterion
 47264 | Depths:2 | Identified the amulet "Eshruss" {Faith -Tele rF+ rCorr
                  | Stlth+}
 47423 | Depths:2 | Identified the +0 cloak of the Eternal Void {Dex+4}
 47524 | Depths:2 | Found Vusolaikk's Armour Emporium.
 47532 | Depths:2 | Found Jagecvo's Distillery.
 47813 | Depths:2 | Identified the ring "Weyxicuy" {rElec AC+4 Int+5}
 47815 | Depths:2 | Identified the +2 chain mail of Daclihut {rN+ Regen+ Int+2
                  | Stlth-}
 47817 | Depths:2 | Identified the Collected Works on Earthen Execration
 47840 | Depths:2 | Found a runed translucent door.
 47902 | Depths:2 | Found a runed translucent door.
 47903 | Depths:2 | Found a runed translucent door.
 48280 | Depths:2 | Noticed the Enchantress
 48333 | Depths:2 | Killed the Enchantress
 48683 | Depths:3 | Found a one-way gate leading to the halls of Pandemonium.
 48754 | Depths:3 | Found Gozag's Assorted Antiques.
 48758 | Depths:3 | Found an opulent altar of Gozag.
 48784 | Depths:3 | Found Gozag's Assorted Antiques.
 48806 | Depths:3 | Found Gozag's Antique Weapon Boutique.
 49077 | Depths:3 | Reached skill level 15 in Dodging
 49611 | Depths:3 | Found a sparkling altar of Nemelex Xobeh.
 49714 | Depths:4 | Found a magical portal.
 49725 | WizLab   | Entered The Chambers of the Cloud Mage
 49928 | WizLab   | Reached XP level 25. HP: 146/148 MP: 36/38
 50309 | WizLab   | Identified the +0 flail of Contradiction {holy, +Blink rF+
                  | Dex-5}
 50315 | WizLab   | Identified the Volume of Weightlessness
 50568 | Depths:4 | Identified the +7 demon whip "Goblinbane" {elec, rN+ Will-
                  | Str+5 Dex-4}
 50952 | Depths:4 | Found a gateway to a ziggurat.
 51072 | Depths:4 | Identified the Tome of Freezing Unholy Magic
 51332 | Depths:4 | Noticed Mara
 51344 | Depths:4 | Noticed tilp's illusion
 51354 | Depths:4 | Killed Mara
 51746 | Depths:5 | Entered Level 5 of the Depths
 51958 | Depths:5 | Noticed a juggernaut
 51961 | Depths:5 | Found a radiant altar of Vehumet.
 51965 | Depths:5 | Killed a juggernaut
 52005 | Depths:5 | Noticed Sojobo
 52013 | Depths:5 | Killed Sojobo
 52018 | Depths:5 | Reached XP level 26. HP: 156/156 MP: 39/39
 52556 | Orc:2    | Bought a potion of mutation for 112 gold pieces
 52804 | Depths:2 | Bought 2 potions of cancellation for 224 gold pieces
 52804 | Depths:2 | Bought a potion of cancellation for 112 gold pieces
 52804 | Depths:2 | Bought 2 potions of invisibility for 224 gold pieces
 52994 | Crypt:1  | Entered Level 1 of the Crypt
 54860 | Crypt:2  | Identified the ring of the Griffon {rC+++ rN+++ rCorr
                  | Slay-4 SInv}
 54915 | Crypt:3  | Entered Level 3 of the Crypt
 55287 | Crypt:3  | Found a basalt altar of Yredelemnul.
 55884 | Crypt:3  | Found a staircase to the Tomb.
 55884 | Crypt:3  | Noticed Jory
 55906 | Crypt:3  | Killed Jory
 56213 | Crypt:3  | Acquired 1031 gold pieces
 56419 | Vaults:5 | Entered Level 5 of the Vaults
 56431 | Vaults:5 | Reached XP level 27. HP: 150/165 MP: 40/40
 56432 | Vaults:5 | Noticed an ancient lich
 56449 | Vaults:5 | Killed an ancient lich
 56656 | Vaults:5 | Noticed an ancient lich
 56681 | Vaults:5 | Killed an ancient lich
 56683 | Vaults:5 | Identified the +2 ring mail of Fedhas's Felicitations {rC+
                  | Will++ Stlth+}
 57076 | Vaults:5 | Noticed an ancient lich
 57082 | Vaults:5 | Killed an ancient lich
 57082 | Vaults:5 | Identified the +7 rapier of Resourcefulness {flame, rC++
                  | Int+3 Stlth+}
 57355 | Vaults:5 | Reached skill level 5 in Throwing
 57356 | Vaults:5 | Found Zehab's Antique Armour Shop.
 57382 | Vaults:5 | Bought a shiny chain mail for 262 gold pieces
 57636 | Vaults:5 | Identified the Handbook of Darkness
 57974 | Vaults:5 | Noticed an ancient lich
 57987 | Vaults:5 | Killed an ancient lich
 58109 | Vaults:5 | Got a silver rune of Zot
 58111 | Vaults:5 | Identified the +4 chain mail of the Thoughtful Olives
                  | {*Corrode Regen+ Dex+2 Stlth+}
 58119 | Vaults:5 | Identified the +5 hand axe of the Extremely Mad {vorpal,
                  | rElec rN+++ Str-4 Int-4}
 58712 | Depths:5 | Found a gate to the Realm of Zot.
 59036 | Zot:1    | Entered Level 1 of the Realm of Zot
 59306 | Vaults:2 | Bought a scroll of magic mapping for 66 gold pieces
 59306 | Vaults:2 | Bought a scroll of silence for 142 gold pieces
 60884 | Zot:2    | Noticed an orb of fire
 60908 | Zot:2    | Killed an orb of fire
 61259 | Zot:4    | Noticed an orb of fire
 61273 | Zot:4    | Killed an orb of fire
 61528 | Zot:4    | Noticed an ancient lich
 61537 | Zot:4    | Killed an ancient lich
 61764 | Zot:4    | Identified the +5 scythe of Ofiufiv {vorpal, rF+}
 61781 | Zot:5    | Entered Level 5 of the Realm of Zot
 61821 | Zot:5    | Found a runed translucent door.
 61827 | Zot:5    | Noticed WasteTime5's ghost (legendary DjFE)
 61950 | Zot:5    | Slain by a golden dragon

Illustrated notes

Levels and vault maps discovered:
D:1:      noname_arrival_rooms_in_the_neighbourhood, layout_basic, serial_shops,
          shop, bh_walls_and_bars
D:2:      minmay_evil_eye, layout_loops_ring, serial_shops, shop_statue,
          grunt_ministairs_15, minmay_pentomino_u4, uniq_natasha
D:3:      layout_basic, ebering_ecumenical_altar_mist, minmay_diced_spiral
D:4:      layout_basic, amethyst_overflow_temple_binary, enter_ossuary_3,
          minmay_misc_feat_x
D:5:      layout_basic, kennysheep_mini_moat
D:6:      layout_gridville, uniq_edmund
D:7:      layout_loops_ring, minmay_temple_entry_fiery, serial_shops, shop,
          uniq_harold, uniq_joseph
D:8:      layout_cave_pools, nicolae_gozag_conspicuous_consumption,
          lightli_church_of_beogh
D:9:      layout_layer_cave
D:10:     layout_loops_ring, ebering_ghost_xom, uniq_maggie
D:11:     layout_roguey, erik_lair_island, uniq_maurice
D:12:     layout_irregular_city, orc_david_3, serial_shops,
          nicolae_shop_waterfront, kennysheep_cross_room, uniq_jorgrun,
          uniq_kirke
D:13:     minmay_swirls_squares, layout_stronghold, serial_undead,
          serial_undead_c, serial_undead_d, serial_undead_b, serial_undead_a,
          kennysheep_generic_room_7
D:14:     layout_loops_ring, david_vaults_4, serial_bayou, serial_bayou_pond_b,
          serial_bayou_pond_d, serial_bayou_pond_b, serial_bayou_crossing,
          chequers_serial_rivers_micro_c, grunt_decor_arrowhead,
          nicolae_twisting_strands, chequers_jeans
D:15:     gammafunk_depths_entry_grave, layout_rooms, basic_altar,
          minmay_starry_boxes
Temple:   dpeg_five_rooms_temple
Lair:1:   wander_river, layout_loops_ring
Lair:2:   layout_big_grid
Lair:3:   gammafunk_cloud_chamber, layout_hall_layers, dummy_snake_entry
Lair:4:   cheibrodos_magma_flow, layout_misc_corridors,
          minmay_swamp_entry_worms, lightli_volcano_entry_magma_tube,
          portal_ice_cave_entry_animals_and_master, st_stairs_8,
          small_statue_intersection, serial_bayou_lagoon_b, lemuel_fruit_tree
Lair:5:   layout_regular_city, dpeg_slime_entry_enclosed_altar
Lair:6:   evil_forest, layout_loops_ring, wad_woods_road_01,
          hangedman_lair_unloving_vines
Swamp:1:  layout_basic_swamp, ebering_ghost_rock_garden,
          evilmike_swamp_ruin_house_1, swamp_pool1, uniq_louise
Swamp:2:  layout_basic_swamp, serial_swamp_ruin, evilmike_swamp_ruin_house_3,
          evilmike_swamp_ruin_rubble_2, hangedman_swamp_ruin_wall, swamp_pool4,
          nicolae_swamp_big_swirl
Swamp:3:  layout_basic_swamp, hangedman_swamp_ruin_hall, swamp_pool1,
          uniq_roxanne
Swamp:4:  swamp_alternative, layout_basic_swamp, ebering_ghost_disaster_area,
          swamp_pool2, nicolae_swamp_bean_lake
Snake:1:  layout_onion
Snake:2:  layout_chambers, serial_shops, shop, shop, nicolae_shop_statue_plus,
          nicolae_shop_behind_doors, shop_statue,
          nicolae_snake_salamander_stairs, uniq_aizul
Snake:3:  layout_grid_shapes, gammafunk_ghost_wrathful_warriors, st_stairs_12,
          grunt_megastairs_3, serial_bayou_shore_a
Snake:4:  johnstein_snake_rune_scales, layout_misc_corridors, st_stairs_5,
          uniq_nikola
Orc:1:    layout_caves, mines1_david
Orc:2:    st_orc_town, layout_diamond_mine, minmay_orc_temple_a, uniq_urug
Elf:1:    eino_elf_arrival_shootout, layout_rooms, hangedman_elf_represent,
          uniq_donald
Elf:2:    layout_onion_city, serial_shops, nicolae_shop_trees
Elf:3:    nooodl_elf_gasket, layout_onion_city, gammafunk_ghost_abyssal_escape,
          uniq_saint_roka
Vaults:1: v_misc_15, emtedronai_trogs_sanctum,
          nicolae_vaults_stairing_the_circle, grunt_vaults_hallway_long,
          hangedman_vaults_corner_blocks, nicolae_vaults_angled_halls,
          hangedman_vaults_slither, v_pattern_3, grunt_vaults_funnel,
          vaults_room_fours, vaults_room_large_hall, v_misc_26,
          layout_vaults_omnicross, serial_shops, nicolae_shop_stone
Vaults:2: nicolae_vaults_triangles, minmay_crypt_entry_nasty_monster,
          grunt_vaults_twisty, grunt_vaults_hallway_short, v_misc_16,
          vaults_mumra_minichess_inversion, v_misc_24,
          vaults_mumra_chevron_long, layout_vaults_omnigrid, serial_shops,
          nicolae_shop_competitors_out_of_business
Vaults:3: nicolae_vaults_back_hallway, v_misc_15, nicolae_vaults_quadrants,
          v_alt_pattern_6, grunt_vaults_bifocal, v_alt_pattern_5, v_pattern_4,
          nicolae_vaults_puzzle_piece, ontoclasm_vaults_idyll,
          ontoclasm_vaults_eye, hangedman_vaults_nails, layout_vaults_ring,
          serial_shops, nicolae_shop_waterfront
Vaults:4: v_misc_12, grunt_vaults_swirl, vaults_room_door_ring, v_misc_30,
          v_misc_19, ontoclasm_vaults_decontamination,
          vaults_room_guarded_vault, nicolae_vaults_alarming, v_misc_16,
          nicolae_vaults_puzzle_piece, nicolae_vaults_twisting_passages,
          layout_vaults_omnibox, uniq_xtahua
Vaults:5: uniq_margery
Crypt:1:  layout_gridlike
Crypt:2:  statuecave_lemuel, layout_regular_city
Crypt:3:  grunt_crypt_end_deaths_head
Depths:1: layout_cave_pools, chequers_serial_rivers_large_b,
          grunt_hell_entry_dis_old, kennysheep_generic_room_13, firewood_loft
Depths:2: minmay_the_grid_four_pointed_star
          [minmay_the_grid_triangle_9x9_tough_junction,
          minmay_the_grid_triangle_9x9_corruption,
          minmay_the_grid_triangle_9x9_subtriangle,
          minmay_the_grid_triangle_9x9_negative_grid,
          minmay_the_grid_prize_diamond_cup], layout_basic, hell_entry,
          chequers_serial_rivers_room_b, minmay_multi_spiral,
          infiniplex_staircase_spiral, minmay_shoptagon, uniq_asterion,
          uniq_enchantress
Depths:3: kennysheep_gozag_temple, layout_gridlike, abyss_entry, pan_entry,
          nemelex_lonely_heart_becter, hell_entry, due_unseen_surprise
Depths:4: minmay_shrinking_squares, layout_basic, enter_ziggurat_b,
          mu_enter_wizlab_1, hangedman_abyss_or_decor_passed, hellmouth_1,
          hangedman_abyss_entry_splay, minivault_22, serial_bayou_shore_b,
          minmay_staircase_windowed_small, uniq_mara
Depths:5: grunt_zot_entry_funnels, layout_cave_pools, hell_entry, basic_altar,
          uniq_sojobo
Zot:1:    layout_twisted_circle
Zot:2:    grunt_deathspiral_small, layout_cathedral_of_symmetry,
          gammafunk_ghost_tricky_traps
Zot:3:    layout_basic, guppyfry_library_mini
Zot:4:    lemuel_draconian_sentries_small, layout_onion,
          hangedman_player_shredder
Zot:5:    layout_basic, ebering_ghost_inner_flame, st_stairs_7,
          lemuel_flame_loot_1

Skill      XL: |  1  2  3  4  5  6  7  8  9 10 11 12 13 14 15 16 17 18 19 20 21 22 23 24 25 26 27 |
---------------+----------------------------------------------------------------------------------+-----
Fighting       | 2 3 4 6 7 9 10 11 12 14 15 17 18 19 20 21 23 24 | 24.0
Short Blades   | 2 3 4 6 9 10 | 10.0
Dodging        | 1 2 4 6 7 8 10 12 13 15 17 | 17.0
Stealth        | 5 6 8 10 11 12 14 15 16 18 20 21 | 21.0
Invocations    | 3 7 10 12 13 15 16 18 19 20 21 23 24 | 24.0
Armour         | 3 4 5 6 8 9 10 12 | 12.0
Shields        | 4 6 7 10 13 | 13.7
Evocations     | 4 8 10 12 14 | 14.1
Throwing       | 9 |  9.3

Action                   |  1- 3 |  4- 6 |  7- 9 | 10-12 | 13-15 | 16-18 | 19-21 | 22-24 | 25-27 || total
-------------------------+-------+-------+-------+-------+-------+-------+-------+-------+-------++-------
Melee: Dagger            |    64 |   341 |   329 |   617 |       |       |       |       |   827 ||  2178
       Bite              |    19 |   138 |   122 |   348 |   933 |   552 |   674 |   646 |  1359 ||  4791
       Quick blade       |       |       |       |   166 |  1736 |  1036 |  1225 |  1200 |  1291 ||  6654
Throw: Dart              |       |       |    17 |    16 |    40 |     1 |       |       |       ||    74
       Throwing net      |       |       |       |     4 |       |       |       |       |       ||     4
Invok: Stomp             |       |       |       |       |     3 |       |       |       |       ||     3
       Line Pass         |       |       |       |       |     1 |       |       |       |     1 ||     2
       Grand Finale      |       |       |       |       |       |     1 |       |     1 |     2 ||     4
 Abil: Evoke Blink       |       |       |       |     7 |       |       |     1 |       |       ||     8
Evoke: Wand              |       |       |     8 |    21 |     5 |     1 |       |     1 |     1 ||    37
       Condenser vane    |       |       |       |       |       |       |     1 |       |     1 ||     2
  Use: Scroll            |     2 |     8 |    11 |    15 |     9 |     7 |     2 |     4 |    15 ||    73
       Potion            |       |       |       |     5 |     4 |       |       |       |     1 ||    10
 Stab: Sleeping          |     6 |     8 |    11 |     9 |    11 |    54 |    46 |    38 |    46 ||   229
       Distracted        |       |       |     1 |     1 |     3 |     8 |     6 |     8 |    11 ||    38
       Paralysed         |       |       |       |    36 |   115 |    94 |   118 |   114 |   168 ||   645
       Held in net/web   |       |       |       |     2 |       |       |       |       |       ||     2
       Confused          |       |       |       |       |     1 |     1 |       |       |       ||     2
       Petrified         |       |       |       |       |     1 |       |       |       |       ||     1
Armor: Ring mail         |    13 |   230 |   108 |   317 |   351 |   151 |   114 |    47 |       ||  1331
       Skin              |       |       |       |    22 |       |       |       |       |       ||    22
       Scale mail        |       |       |       |       |    28 |       |       |       |       ||    28
       Chain mail        |       |       |       |       |       |       |       |    63 |   406 ||   469
Dodge: Dodged            |    25 |   208 |   115 |   212 |   456 |   260 |   307 |   217 |   561 ||  2361
Block: Kite shield       |       |       |       |   233 |   508 |   459 |   578 |   420 |  1096 ||  3294

Table legend: (Time is in decaauts)
 A = Elapsed time spent in this place.
 B = Non-inter-level travel time spent in this place.
 C = Inter-level travel time spent in this place.
 D = Time resting spent in this place.
 E = Time spent auto-exploring this place.
 F = Levels seen in this place.
 G = Mean time per level.
                   A        B        C        D        E       F      G
               +--------+--------+--------+--------+--------+-----+--------+
         Total |  57711 |  50023 |   7688 |   4484 |  32237 |  57 | 1012.5 |
       Dungeon |  17686 |  14712 |   2974 |   1756 |   9834 |  15 | 1179.1 |
        Temple |    293 |    265 |     28 |      0 |    261 |   1 |  293.0 |
          Lair |   6901 |   5757 |   1144 |    310 |   3974 |   6 | 1150.2 |
         Swamp |   3383 |   2933 |    450 |    442 |   1841 |   4 |  845.8 |
     Snake Pit |   4613 |   4338 |    275 |    224 |   3052 |   4 | 1153.2 |
  Orcish Mines |   2144 |   1736 |    408 |     13 |   1106 |   2 | 1072.0 |
   Elven Halls |   2685 |   2541 |    144 |     64 |   1733 |   3 |  895.0 |
        Vaults |   7189 |   6090 |   1099 |    170 |   4138 |   5 | 1437.8 |
         Crypt |   3041 |   2790 |    251 |    281 |   1585 |   3 | 1013.7 |
        Depths |   5837 |   5028 |    809 |    255 |   3738 |   5 | 1167.4 |
           Zot |   1990 |   1887 |    103 |    320 |    881 |   5 |  398.0 |
       Ossuary |    543 |    543 |      0 |    103 |     94 |   1 |  543.0 |
      Ice Cave |    634 |    634 |      0 |    325 |      0 |   1 |  634.0 |
       Volcano |    189 |    189 |      0 |     38 |      0 |   1 |  189.0 |
        Wizlab |    578 |    578 |      0 |    180 |      0 |   1 |  578.0 |
               +--------+--------+--------+--------+--------+-----+--------+

Top non-repeatable levels by time:
Vaults:5: 1762 daAuts
  Lair:6: 1720 daAuts
    D:14: 1591 daAuts
     D:9: 1557 daAuts
    D:12: 1522 daAuts
Depths:2: 1518 daAuts
   Orc:2: 1515 daAuts
Vaults:3: 1443 daAuts
Depths:4: 1436 daAuts
    D:11: 1435 daAuts
Vaults:1: 1408 daAuts
   Elf:3: 1400 daAuts
  Lair:4: 1388 daAuts
Vaults:4: 1319 daAuts
 Snake:4: 1306 daAuts
